 Dungeon Crawl Stone Soup version 0.27.1-2-g3b301248ec (webtiles) character file.

Game seed: 12227473072533067951

44 barney the Changer (level 3, -38/28 HPs)
             Began as a Draconian Transmuter on Oct 1, 2021.
             Killed by an exploding endoplasm (40 damage)
             ... ignited by their inner flame
             ... on level 3 of the Dungeon.
             The game lasted 00:01:43 (2198 turns).

barney the Changer (Draconian Transmuter)           Turns: 2198, Time: 00:01:44

Health: -38/28     AC:  2    Str: 12    XL:     3   Next: 39%
Magic:  12/15      EV: 19    Int: 14    God:
Gold:   33         SH:  0    Dex: 16    Spells: 0/6 levels left

rFire    . . .     SeeInvis .     - Unarmed
rCold    . . .     Faith    .   (shield currently unavailable)
rNeg     . . .     Spirit   .   (armour unavailable)
rPois    x         Reflect  .   (helmet currently unavailable)
rElec    .         Harm     .   (cloak currently unavailable)
rCorr    .         Rampage  .   (gloves currently unavailable)
Will     .....                  (boots currently unavailable)
Stlth    +.........             (no amulet)
HPRegen  0.09/turn              k - ring of magical power
MPRegen  0.14/turn              (no ring)

@: spider-form
A: venomous fangs, AC +5, tiny, unfitting armour, (cold-blooded)
a: End Transformation


You were on level 3 of the Dungeon.
You were a venomous arachnid creature.
You visited 1 branch of the dungeon, and saw 3 of its levels.

You collected 33 gold pieces.

Inventory:

Hand Weapons
 i - a +0 long sword (melded)
Missiles
 d - 2 throwing nets
Jewellery
 k - a ring of magical power (left front leg)
Wands
 l - a wand of iceblast (6)
Scrolls
 c - a scroll of noise {unknown}
 e - a scroll of enchant armour {unknown}
 f - a scroll of acquirement {unknown}
 g - a scroll of teleportation {unknown}
Potions
 b - a potion of lignification {unknown}
 h - a potion of flight {unknown}
 j - a potion of curing {unknown}
 m - a potion of ambrosia {unknown}


   Skills:
 - Level 1.1 Fighting
 - Level 1.7 Dodging
 - Level 3.0 Unarmed Combat
 - Level 2.0 Spellcasting
 + Level 3.9 Transmutations


You couldn't memorise any spells.
You knew the following spells:

 Your Spells              Type           Power      Damage    Failure   Level
a - Beastly Appendage     Tmut           24%        N/A       14%         1
b - Spider Form           Tmut/Pois      3%         N/A       54%         3
c - Wereblood             Tmut           12%        N/A       21%         2

Your spell library contained the following spells:

 Spells                   Type           Power      Damage    Failure   Level
 Gell's Gravitas          Tloc           0%         N/A       77%         3
 Lesser Beckoning         Tloc           0%         N/A       77%         3
 Teleport Other           Tloc           1%         N/A       77%         3
 Ice Form                 Ice/Tmut       6%         N/A       87%         4


Dungeon Overview and Level Annotations

Branches:
Dungeon (3/15)

Altars:
Xom


Innate Abilities, Weirdness & Mutations

You are a venomous arachnid creature.
You have poisonous fangs.
You are tiny and dextrous.
Your spellcasting is less reliable in this form.
Your armour is entirely melded.
You are incapable of wielding weapons or throwing items.
((Your plain brown scales are hard. (AC +5)))
You cannot fit into any form of body armour.
((You are cold-blooded and may be slowed by cold attacks.))


Message History

Found an escape hatch in the ceiling.
No target in view!
Your transformation is almost over.
You stumble into a teleport trap!
You are suddenly yanked towards some nearby monsters!
Your surroundings suddenly seem different.
An adder, an endoplasm and 2 kobolds come into view.
Found a club.
The kobold shouts! x2
The endoplasm quivers.
You hear a shout! x2
As you read the scroll labelled HANUAL NAULL, it crumbles to dust.
The creatures around you are filled with an inner flame!
It was a scroll of immolation.
Okay, then.
Casting: Beastly Appendage (safe; 4% risk of failure)
Confirm with . or Enter, or press ? or * to list all spells.
The spell is extremely dangerous to cast (32% risk of failure)!
Continue anyway?
Your horns disappear.
Your talons disappear.
You turn into a venomous arachnid creature.
Your +0 long sword melds into your body.
The adder completely misses you.
A hobgoblin comes into view.
Unknown command.
The hobgoblin shouts!
You hit the adder.
Flame seeps out of the adder.
The adder is poisoned.
The adder is lightly wounded.
Flame seeps out of the adder.
The endoplasm misses you. The kobold hits you with a +0 club.
The adder is engulfed in blazing flames.
The adder explodes!
The fiery explosion engulfs you!!
Ouch! That really hurt!
* * * LOW HITPOINT WARNING * * *
The fiery explosion engulfs the kobold!!
The fiery explosion engulfs the endoplasm!!
The endoplasm explodes!
The fiery explosion engulfs you!!!
Ouch! That really hurt!
You die...

.g...##........
.).............
...............
...............
.............
#. ...........
.#...#§§.......
.....§○s.#
.....§§§K......
.....§§§.......
...............
...............
...............
#..............
#..............


You could see a hobgoblin and a kobold (inner flame).

Vanquished Creatures
  An adder (D:3)
  A worm (D:3)
  A dart slug (D:1)
  11 bats
  7 endoplasms
  7 goblins
  2 hobgoblins
  3 kobolds
  A ball python (D:1)
  A frilled lizard (D:1)
  4 rats
39 creatures vanquished.

Notes
Turn   | Place    | Note
-------+----------+-------------------------------------------
     0 | D:1      | barney the Draconian Transmuter began the quest for the
                  | Orb.
     0 | D:1      | Reached XP level 1. HP: 16/16 MP: 3/3
   447 | D:1      | Found a faded altar of an unknown god.
   464 | D:1      | Reached XP level 2. HP: 9/23 MP: 3/5
   920 | D:1      | You fall into a shaft and drop 1 floor!
   998 | D:2      | Found a shimmering altar of Xom.
  1515 | D:1      | Reached XP level 3. HP: 23/28 MP: 4/6
  1539 | D:1      | Learned a level 3 spell: Spider Form
  1542 | D:1      | Learned a level 2 spell: Wereblood
  2198 | D:3      | Killed by an exploding endoplasm... ignited by their inner
                  | flame

Illustrated notes

Levels and vault maps discovered:
D:1:      minmay_arrival_widening_spiral_wide, layout_basic,
          hellmonk_ecumenical_altar_arch_garden
D:2:      layout_rooms, basic_altar
D:3:      layout_basic, wander_ebering_terrifying_dragon_lair

Skill      XL: |  1  2 |
---------------+-------+-----
Transmutations | 3 |  3.9
Fighting       | |  1.1
Dodging        | |  1.7
Unarmed Combat | |  3.0
Spellcasting   | |  2.0

Action                   || total
-------------------------++-------
Melee: Unarmed           ||    83
       Kick              ||    17
       Headbutt          ||    10
       Tailslap          ||     9
       Punch             ||     1
       Long sword        ||    18
 Cast: Beastly Appendage ||    21
       Spider Form       ||     1
  Use: Scroll            ||     1
Armor: Skin              ||    55
Dodge: Dodged            ||    71
       Rpst.: Long sword ||     4
